 Dungeon Crawl Stone Soup version 0.31.0 (webtiles) character file.

Game seed: 10355757272266326095

234 PaiMei the Grave Robber (level 5, -1/37 HPs)
             Began as a Demonspawn Necromancer on Jan 19, 2024.
             Slain by Duvessa
             ... wielding a +0 rapier
              (12 damage)
             ... on level 4 of the Dungeon.
             The game lasted 00:04:10 (3600 turns).

PaiMei the Grave Robber (Demonspawn Necromancer)    Turns: 3600, Time: 00:04:10

Health: -1/37      AC:  3    Str:  9    XL:     5   Next: 75%
Magic:  2/9        EV: 13    Int: 17    God:
Gold:   238        SH:  4    Dex: 13    Spells: 2/10 levels left

rFire   . . .        c - +0 club
rCold   . . .        (no shield)
rNeg    . . .        a - +0 robe
rPois   .            (no helmet)
rElec   .            (no cloak)
rCorr   .            (no gloves)
SInv    .            m - +0 pair of boots
Will    .....        (no amulet)
Stlth   ++           (no ring)
HPRegen 0.26/turn    (no ring)
MPRegen 0.11/turn

%: no passive effects
@: no status effects
A: demonic guardian 1, condensation shield
a: no special abilities


You were on level 4 of the Dungeon.
You visited 1 branch of the dungeon, and saw 4 of its levels.

You collected 238 gold pieces.

Inventory:

Hand Weapons
 c - a +0 club (weapon)
Missiles
 e - 21 poisoned darts (quivered)
Armour
 a - a +0 robe (worn)
 m - a +0 pair of boots (worn)
Jewellery
 q - a ring of flight
Scrolls
 d - 4 scrolls of identify {unknown}
 f - a scroll of blinking {unknown}
 i - 4 scrolls of poison {unknown}
 j - 2 scrolls of fear {unknown}
 k - 2 scrolls of teleportation {unknown}
 o - 2 scrolls of revelation {unknown}
 p - a scroll of summoning {unknown}
Potions
 b - a potion of magic
 g - 2 potions of resistance {unknown}
 h - a potion of haste {unknown}
 l - 2 potions of heal wounds {unknown}
 n - a potion of curing {unknown}
 r - a potion of attraction {unknown}
 s - a potion of cancellation {unknown}
 t - a potion of degeneration {unknown}


   Skills:
 + Level 1.0 Fighting
 + Level 3.1 Dodging
 - Level 3.0 Stealth
 + Level 3.2 Spellcasting
 + Level 5.4 Necromancy


You had 2 spell levels left.
You knew the following spells:

 Your Spells              Type           Power      Damage    Failure   Level
a - Necrotise             Necr           84%        1d8       1%          1
b - Vampiric Draining     Necr           21%        2d7       5%          3
c - Animate Dead          Necr           21%        N/A       19%         4

Your spell library contained the following spells:

 Spells                   Type           Power      Damage    Failure   Level
 Magic Dart               Conj           8%         1d3       17%         1
 Searing Ray              Conj           4%         2d4       26%         2
 Curse of Agony           Necr           21%        N/A       45%         5
 Fulminant Prism          Conj/Alch      1%         3d5       86%         4
 Olgreb's Toxic Radiance  Alch           2%         N/A       86%         4
 Ozocubu's Refrigeration  Ice            1%         4d7       100%        7
 Discord                  Hex            1%         N/A       100%        8


Dungeon Overview and Level Annotations

Branches:
Dungeon (4/15)
 Temple: D:4-7

Altars:

Shops:
D:1 (

Annotations:
D:4 Dowan, Duvessa


Innate Abilities, Weirdness & Mutations

A weak demonic guardian rushes to your aid.
A meltable shield of frost defends you. (SH +4)


Message History

Your quasit barely misses Duvessa.
Duvessa attacks as she pursues you! Duvessa hits you but does no damage.
Duvessa says, "I don't care about looks, I care about technique!"
Duvessa hits you with a +0 rapier. You block Duvessa's attack.
Your quasit completely misses Duvessa.
Your quasit closely misses Duvessa.
Your quasit claws Duvessa but does no damage.
Dowan casts a spell.
Dowan blinks!
Casting: Necrotise (safe; 1% risk of failure)
Confirm with . or Enter, or press ? or * to list all spells.
Aiming: Necrotise (safe; 1% risk of failure)
Press: ? - help, Shift-Dir - straight line, f - Duvessa
Aim: Duvessa, wielding a +0 rapier and wearing a +0 ring mail (lightly wounded, fast, ally target, chance to affect: 65%) Duvessa writhes in agony!
Duvessa hits you with a +0 rapier!
* * * LOW HITPOINT WARNING * * *
Your quasit bites Duvessa but does no damage.
Your quasit claws Duvessa but does no damage. x2
Duvessa hits you but does no damage.
Casting: Necrotise (safe; 1% risk of failure)
Confirm with . or Enter, or press ? or * to list all spells.
Aiming: Vampiric Draining (dangerous; 5% risk of failure)
Press: ? - help, Shift-Dir - straight line, f/p - Duvessa
Aim: Duvessa, wielding a +0 rapier and wearing a +0 ring mail (moderately wounded, fast, ally target)
You draw life force from Duvessa!
You feel life coursing into your body.
Your quasit closely misses Duvessa.
Your quasit claws Duvessa but does no damage. x2
Duvessa hits you with a +0 rapier.
* * * LOW HITPOINT WARNING * * *
Casting: Vampiric Draining (dangerous; 5% risk of failure)
Confirm with . or Enter, or press ? or * to list all spells.
Aiming: Vampiric Draining (dangerous; 5% risk of failure)
Press: ? - help, Shift-Dir - straight line, f/p - Duvessa
Aim: Duvessa, wielding a +0 rapier and wearing a +0 ring mail (heavily wounded, fast, ally target)
You draw life force from Duvessa!
You feel life coursing into your body. You block Duvessa's attack.
Your quasit bites Duvessa but does no damage.
Your quasit misses Duvessa.
Your quasit closely misses Duvessa.
Duvessa hits you with a +0 rapier!
You die...

##...## ##.## ##..#..###.##
###.####....## ##..## ##...#
##...# #....# #...## #.....# ###
##### ##..## #.###..# #.###...###
#..## #.# ##..# ##........## #.@#
#.# ..# #.........###.e######.#
..# #.............5.....#.# #
#.....................## .#
####.....................## ..##
#.#.#.....................###....
#....##.#####....................
#......###...#...............##
#.##.........................##


You could see Duvessa (fast, ally target) and a friendly quasit (summoned).

Vanquished Creatures
  A scorpion (D:3)
  2 iguanas (D:4)
  4 adders
  2 dart slugs
  A ribbon worm (D:3)
  3 orcs
  3 bats
  8 endoplasms
  3 giant cockroaches (D:1)
  6 goblins
  5 hobgoblins
  4 jackals (D:2)
  8 kobolds
  4 quokkas
  6 ball pythons
  3 frilled lizards
  A rat (D:1)
64 creatures vanquished.

Vanquished Creatures (collateral kills)
  A dart slug (D:1)
  2 orcs (D:4)
  A giant cockroach (D:1)
  A goblin (D:1)
  A rat (D:1)
6 creatures vanquished.

Grand Total: 70 creatures vanquished

Notes
Turn   | Place    | Note
-------+----------+-------------------------------------------
     0 | D:1      | PaiMei the Demonspawn Necromancer began the quest for the
                  | Orb.
     0 | D:1      | Reached XP level 1. HP: 13/13 MP: 3/3
   440 | D:1      | Gained mutation: A meltable shield of frost defends you.
                  | (SH +4) [demonic ancestry]
   440 | D:1      | Reached XP level 2. HP: 19/19 MP: 1/5
   778 | D:1      | Found Jiskeqiag's Antique Weapon Emporium.
  1009 | D:1      | Reached XP level 3. HP: 24/24 MP: 2/6
  1688 | D:2      | Reached XP level 4. HP: 30/30 MP: 0/7
  2401 | D:3      | Found a faded altar of an unknown god.
  2419 | D:3      | Reached skill level 5 in Necromancy
  2528 | D:3      | Noticed a scorpion
  2546 | D:3      | Killed a scorpion
  2547 | D:3      | Gained mutation: A weak demonic guardian rushes to your
                  | aid. [demonic ancestry]
  2547 | D:3      | Reached XP level 5. HP: 19/35 MP: 2/9
  2642 | D:3      | Learned a level 3 spell: Vampiric Draining
  2647 | D:3      | Learned a level 4 spell: Animate Dead
  3428 | D:4      | Reached skill level 1 in Fighting
  3579 | D:4      | Noticed Dowan
  3580 | D:4      | Noticed Duvessa
  3600 | D:4      | Slain by Duvessa

Illustrated notes

Levels and vault maps discovered:
D:1:      nagdon_arrival_double_spiral, layout_basic, serial_shops, shop,
          hangedman_decor_peaks_small
D:2:      layout_loops_ring
D:3:      layout_basic, shapermc_ecumenical_altar_mp_highgroup
D:4:      layout_layer_cave, minmay_temple_entry_poolview, uniq_duvessa,
          uniq_blork_the_orc

Skill      XL: |  1  2  3  4  5 |
---------------+----------------+-----
Dodging        | 2 3 |  3.1
Stealth        | 2 3 |  3.0
Necromancy     | 5 |  5.4
Spellcasting   | 3 |  3.2
Fighting       | 1 |  1.0

Action                     |  1- 3 |  4- 6 || total
---------------------------+-------+-------++-------
  Melee: Club              |    14 |     7 ||    21
   Cast: Necrotise         |    64 |    73 ||   137
         Vampiric Draining |       |     2 ||     2
 Armour: Robe              |    18 |    29 ||    47
  Dodge: Dodged            |     7 |    13 ||    20
  Block: Other             |     6 |     6 ||    12
